 Dungeon Crawl Stone Soup version 0.31-a0-1280-g1fbed5c (webtiles) character file.

Game seed: 13892968055562289862

16367 Kearsarge the Nimble (level 12, -3/141 HPs)
             Began as a Gnoll Gladiator on Dec 17, 2023.
             Was an Initiate of Gozag.
             Slain by a wraith (4 damage)
             ... led by Josephine
             ... on level 11 of the Dungeon.
             The game lasted 00:18:33 (10890 turns).

Kearsarge the Nimble (Gnoll Gladiator)             Turns: 10890, Time: 00:18:34

Health: -3/141     AC: 22    Str: 23      XL:     12   Next: 36%
Magic:  23/23      EV: 13    Int:  3 (5)  God:    Gozag
Gold:   334        SH: 15    Dex: 18 (19) Spells: 25/25 levels left

rFire   + . .        a - +4 trident (vamp)
rCold   . . .        z - +0 kite shield
rNeg    . . .        w - +2 chain mail of the Insatiable Knives {Will+}
rPois   .            c - +1 helmet
rElec   .            (no cloak)
rCorr   .            (no gloves)
SInv    .            v - +2 pair of boots of the Treeataur {Str+3}
Will    +....        (no amulet) Stlth
                     G - +4 ring of protection
HPRegen 0.43/turn    e - ring of protection from fire
MPRegen 0.18/turn

%: no passive effects
@: berserking, slowed
A: fangs 1, strong nose, distributed training, large bone plates 1, agile 1,
strong 1
a: Renounce Religion, Potion Petition, Call Merchant, Bribe Branch


You were on level 11 of the Dungeon.
You worshipped Gozag.
Gozag was aware of your devotion.
You visited 2 branches of the dungeon, and saw 12 of its levels.

You collected 1847 gold pieces.
You spent 570 gold pieces at shops.
You paid 943 gold pieces to Gozag.

Inventory:

Hand Weapons
 a - a +4 vampiric trident (weapon)
Missiles
 s - 23 poisoned darts
Armour
 c - a +1 helmet (worn)
 d - +0 swamp dragon scales
 v - the +2 pair of boots of the Treeataur (worn) {Str+3}
   (You bought it in a shop on level 7 of the Dungeon)

   Str+3:     It affects your strength (+3).
 w - the +2 chain mail of the Insatiable Knives (worn) {Will+}
   (You bought it in a shop on level 7 of the Dungeon)

   Will+:     It increases your willpower.
 z - a +0 kite shield (worn)
Jewellery
 e - a ring of protection from fire (right hand)
 i - a ring of flight
 B - a ring of protection from fire
 D - a ring of poison resistance
 G - a +4 ring of protection (left hand)
Scrolls
 g - a scroll of vulnerability
 r - 4 scrolls of fog
 u - a scroll of amnesia
 x - 3 scrolls of noise
 y - 4 scrolls of revelation
Potions
 n - 4 potions of enlightenment
 t - 5 potions of attraction
 A - a potion of brilliance
Miscellaneous
 j - a phial of floods (inert)


   Skills:
 + Level 8.7 Fighting
 + Level 7.3 Short Blades
 + Level 7.3 Long Blades
 + Level 7.3 Axes
 + Level 7.3 Maces & Flails
 + Level 9.9 Polearms
 + Level 7.3 Staves
 + Level 7.3 Ranged Weapons
 + Level 8.7 Throwing
 + Level 7.3 Armour
 + Level 9.9 Dodging
 + Level 7.3 Stealth
 + Level 7.3 Shields
 + Level 7.3 Unarmed Combat
 + Level 7.3 Spellcasting
 + Level 6.1 Conjurations
 + Level 6.1 Hexes
 + Level 6.1 Summonings
 + Level 6.1 Necromancy
 + Level 6.1 Translocations
 + Level 6.1 Transmutations
 + Level 6.1 Fire Magic
 + Level 6.1 Ice Magic
 + Level 6.1 Air Magic
 + Level 6.1 Earth Magic
 + Level 6.1 Poison Magic
 + Level 8.0 Invocations
 + Level 7.3 Evocations
 + Level 6.7 Shapeshifting


You had 25 spell levels left.
You didn't know any spells.
Your spell library contained the following spells:

 Spells                   Type           Power      Damage    Failure   Level
 Freeze                   Ice            16%        1d4       24%         1
 Necrotise                Necr           16%        1d4       24%         1
 Frozen Ramparts          Ice            8%         1d2       56%         3
 Hailstorm                Conj/Ice       4%         3d5       56%         3
 Ozocubu's Armour         Ice            4%         N/A       56%         3
 Vampiric Draining        Necr           4%         2d6       56%         3
 Animate Armour           Summ/Erth      8%         N/A       93%         4
 Olgreb's Toxic Radiance  Pois           4%         N/A       93%         4
 Summon Lightning Spire   Summ/Air       4%         N/A       93%         4
 Agony                    Necr           4%         N/A       100%        5
 Alistair's Intoxication  Tmut/Pois      2%         N/A       100%        5
 Lee's Rapid Deconstruct  Erth           2%         3d4*      100%        5
 Metabolic Englaciation   Hex/Ice        2%         N/A       100%        5
 Yara's Violent Unravell  Hex/Tmut       2%         3d3       100%        5
 Ozocubu's Refrigeration  Ice            2%         4d7       100%        7
 Discord                  Hex            2%         N/A       100%        8
 Ignition                 Fire           2%         3d3       100%        8


Dungeon Overview and Level Annotations

Branches:
Dungeon (11/15)            Temple (1/1) D:5
   Lair: D:8-11         Orc: D:9-12

Altars:
Ashenzari
Cheibriados
Dithmenos
Elyvilon
Fedhas
Gozag
Hepliaklqana
Kikubaaqudgha
Makhleb
Nemelex Xobeh
Okawaru
Qazlal
Ru
Sif Muna
Trog
Uskayaw
Vehumet
Wu Jian
Xom
Yredelemnul
Zin
The Shining One

Shops:
D:6 :   D:7 [*

Annotations:
D:5 1 runed translucent door, wqsa789's ghost, amateur GnFi
D:11 Snorg


Innate Abilities, Weirdness & Mutations

You have very sharp teeth.
Your uncanny sense of smell can sniff out nearby items.
Your experience applies equally to all skills.
You are partially covered in large bone plates. (SH +4)
You are agile. (Dex +4, Str/Int -1)
Your muscles are strong. (Str +4, Int/Dex -1)


Message History

You closely miss the manticore.
You block the vampire mosquito's attack.
The gargoyle hurls a stone arrow at you.
You block the stone arrow. The manticore bites you.
* * * LOW HITPOINT WARNING * * *
The manticore claws you but does no damage.
The manticore closely misses you. The vampire mosquito barely misses you.
The cyclops hits you.
* * * LOW HITPOINT WARNING * * *
You block the wraith's attack.
You closely miss the manticore.
You bite the manticore, but do no damage.
You block the vampire mosquito's attack.
You block the gargoyle's attack. The manticore bites you!
* * * LOW HITPOINT WARNING * * *
The manticore claws you but does no damage.
The manticore misses you. The wraith completely misses you.
You block the vampire mosquito's attack.
You hit the cyclops.
You feel better.
You bite the cyclops.
The cyclops is lightly wounded.
You block the vampire mosquito's attack.
The cyclops hits you!
* * * LOW HITPOINT WARNING * * *
The gargoyle hurls a stone arrow at you.
The stone arrow hits you.
* * * LOW HITPOINT WARNING * * *
The manticore closely misses you. You block the manticore's attack. x2
The wraith hits you but does no damage.
You hit the manticore.
You feel better.
The manticore is lightly wounded.
You rip and tear the barbed spikes from your body.
The vampire mosquito bites you but does no damage. x2
The gargoyle hurls a stone arrow at you.
The stone arrow hits you.
* * * LOW HITPOINT WARNING * * *
The manticore barely misses you.
The manticore claws you but does no damage.
The manticore misses you. The cyclops closely misses you. The wraith hits you.
You die...
Your body crumbles into a pile of gold.

## ...#### ....###
.# #####KW.##.#####
####...Ccy@H....(.#
#.$$.....9#C......#
#$###..⌠.{#.......#
#..#
#.....#..(....#
#{.##
#.....#..(....#
.W..
#####.#<......#
..#.. #.###.#....
.$.#.. #.. ...###
.. ... .... ##


You could see a manticore, 2 cyclopes, a wraith, a vampire mosquito, a gargoyle,
a kobold brigand and a centaur.

Vanquished Creatures
  Josephine (D:11)
  2 centaur warriors
  2 two-headed ogres (D:10)
  A cyclops (D:10)
  Maggie (D:6)
  4 kobold demonologists
  3 trolls
  Sigmund (D:3)
  2 shadows (D:11)
  A wyvern (D:7)
  3 basilisks
  5 wraiths
  25 yaks
  A hog (shapeshifter) (D:10)
  6 vampire mosquitoes
  Menkaure (D:7)
  3 acid dragons
  4 orc warriors (D:10)
  A sky beast (D:4)
  3 black bears
  2 ogres
  5 centaurs
  2 phantoms
  4 kobold brigands
  A bullfrog (D:8)
  A gnoll sergeant (D:9)
  4 scorpions
  9 wights
  8 killer bees
  2 howler monkeys
  A jelly (D:5)
  An orc priest (D:10)
  4 hounds
  2 sleepcaps (D:5)
  4 iguanas
  Natasha (D:4)
  6 orc wizards
  Robin (D:4)
  8 gnolls
  7 adders
  2 shadow imps (D:7)
  A white imp (D:7)
  3 ufetubi
  A worm (D:2)
  2 dart slugs
  11 orcs
  2 bats
  4 endoplasms
  3 giant cockroaches
  4 goblins
  3 hobgoblins
  5 jackals
  3 quokkas (D:4)
  7 ball pythons
  2 frilled lizards (D:2)
  7 kobolds
  5 rats
208 creatures vanquished.

Vanquished Creatures (collateral kills)
  A centaur warrior (D:11)
1 creature vanquished.

Vanquished Creatures (others)
  A komodo dragon (D:11)
  A troll (D:10)
  A meliai (D:11)
  A howler monkey (D:10)
4 creatures vanquished.

Grand Total: 213 creatures vanquished

Notes
Turn   | Place    | Note
-------+----------+-------------------------------------------
     0 | D:1      | Kearsarge the Gnoll Gladiator began the quest for the Orb.
     0 | D:1      | Reached XP level 1. HP: 20/20 MP: 1/1
   117 | D:1      | Reached XP level 2. HP: 18/26 MP: 2/2
   191 | D:1      | Found a faded altar of an unknown god.
   873 | D:2      | Found a radiant altar of Vehumet.
  1006 | D:2      | Reached XP level 3. HP: 31/31 MP: 3/3
  1588 | D:3      | Reached skill level 1 in Invocations
  1711 | D:3      | Noticed Sigmund
  1750 | D:3      | Killed Sigmund
  1751 | D:3      | Reached skill level 1 in Short Blades
  1751 | D:3      | Reached skill level 1 in Long Blades
  1751 | D:3      | Reached skill level 1 in Axes
  1751 | D:3      | Reached skill level 1 in Maces & Flails
  1751 | D:3      | Reached skill level 1 in Staves
  1751 | D:3      | Reached skill level 1 in Ranged Weapons
  1751 | D:3      | Reached skill level 1 in Armour
  1751 | D:3      | Reached skill level 1 in Stealth
  1751 | D:3      | Reached skill level 1 in Shields
  1751 | D:3      | Reached skill level 1 in Unarmed Combat
  1751 | D:3      | Reached skill level 1 in Spellcasting
  1751 | D:3      | Reached skill level 1 in Conjurations
  1751 | D:3      | Reached skill level 1 in Hexes
  1751 | D:3      | Reached skill level 1 in Summonings
  1751 | D:3      | Reached skill level 1 in Necromancy
  1751 | D:3      | Reached skill level 1 in Translocations
  1751 | D:3      | Reached skill level 1 in Transmutations
  1751 | D:3      | Reached skill level 1 in Fire Magic
  1751 | D:3      | Reached skill level 1 in Ice Magic
  1751 | D:3      | Reached skill level 1 in Air Magic
  1751 | D:3      | Reached skill level 1 in Earth Magic
  1751 | D:3      | Reached skill level 1 in Poison Magic
  1751 | D:3      | Reached skill level 1 in Evocations
  1751 | D:3      | Reached skill level 1 in Shapeshifting
  1751 | D:3      | Reached XP level 4. HP: 26/38 MP: 4/6
  1751 | D:3      | Reached XP level 5. HP: 30/43 MP: 4/7
  2319 | D:4      | Reached XP level 6. HP: 50/50 MP: 8/8
  2348 | D:4      | Noticed a sky beast
  2351 | D:4      | Reached skill level 5 in Fighting
  2351 | D:4      | Reached skill level 5 in Throwing
  2546 | D:4      | You are sucked into a shaft and drop 1 floor!
  2546 | D:5      | Entered Level 5 of the Dungeon
  2662 | D:4      | Killed a sky beast
  2663 | D:4      | Reached XP level 7. HP: 39/56 MP: 10/10
  2736 | D:4      | Noticed Natasha
  2746 | D:4      | Killed Natasha
  2830 | D:4      | Noticed Robin
  2845 | D:4      | Killed Robin
  3154 | D:4      | Found a sacrificial altar of Ru.
  3588 | D:5      | Reached XP level 8. HP: 52/63 MP: 12/12
  3636 | D:5      | Found a staircase to the Ecumenical Temple.
  3645 | Temple   | Entered the Ecumenical Temple
  3654 | Temple   | Became a worshipper of Gozag Ym Sagoz the Greedy
  3947 | D:5      | Found a radiant altar of Vehumet.
  3983 | D:5      | Found a runed translucent door.
  3986 | D:5      | Noticed wqsa789's ghost (amateur GnFi)
  4210 | D:5      | Found a bloodstained altar of Trog.
  4653 | D:6      | Found Uptaerex's Book Shoppe.
  4848 | D:6      | Found a sparkling altar of Nemelex Xobeh.
  4994 | D:6      | Noticed Maggie
  5006 | D:6      | Killed Maggie
  5007 | D:6      | Reached XP level 9. HP: 55/69 MP: 14/14
  5454 | D:7      | Found Turrukhliu's Antique Armour Shoppe.
  5455 | D:7      | Found Loezeys's Mayhem Merchandise.
  5461 | D:7      | Bought a pair of heavily runed boots for 285 gold pieces
  5461 | D:7      | Identified the +2 pair of boots of the Treeataur {Str+3}
                  | (You bought it in a shop on level 7 of the Dungeon)
  6089 | D:7      | Noticed Menkaure
  6098 | D:7      | Killed Menkaure
  6764 | D:8      | Got the Compilation of the Freezing Figure
  6871 | D:7      | Bought a warped chain mail for 285 gold pieces
  6871 | D:7      | Identified the +2 chain mail of the Insatiable Knives
                  | {Will+} (You bought it in a shop on level 7 of the Dungeon)
  6925 | D:8      | Reached skill level 5 in Invocations
  7267 | D:9      | Noticed a troll
  7275 | D:9      | Killed a troll
  7276 | D:9      | Reached XP level 10. HP: 71/77 MP: 17/17
  7318 | D:9      | Found a hazy altar of Hepliaklqana.
  7387 | D:9      | Reached skill level 5 in Short Blades
  7387 | D:9      | Reached skill level 5 in Long Blades
  7387 | D:9      | Reached skill level 5 in Axes
  7387 | D:9      | Reached skill level 5 in Maces & Flails
  7387 | D:9      | Reached skill level 5 in Staves
  7387 | D:9      | Reached skill level 5 in Ranged Weapons
  7387 | D:9      | Reached skill level 5 in Armour
  7387 | D:9      | Reached skill level 5 in Stealth
  7387 | D:9      | Reached skill level 5 in Shields
  7387 | D:9      | Reached skill level 5 in Unarmed Combat
  7387 | D:9      | Reached skill level 5 in Spellcasting
  7387 | D:9      | Reached skill level 5 in Evocations
  7921 | D:9      | Reached skill level 5 in Shapeshifting
  8189 | D:10     | Entered Level 10 of the Dungeon
  8411 | D:10     | Identified the +0 robe of Amorality {rN+ rCorr}
  8587 | D:10     | Found a runed translucent door.
  8655 | D:10     | Noticed a two-headed ogre
  8673 | D:10     | Killed a two-headed ogre
  8674 | D:10     | Reached XP level 11. HP: 84/84 MP: 19/19
  8692 | D:10     | Reached skill level 5 in Conjurations
  8692 | D:10     | Reached skill level 5 in Hexes
  8692 | D:10     | Reached skill level 5 in Summonings
  8692 | D:10     | Reached skill level 5 in Necromancy
  8692 | D:10     | Reached skill level 5 in Translocations
  8692 | D:10     | Reached skill level 5 in Transmutations
  8692 | D:10     | Reached skill level 5 in Fire Magic
  8692 | D:10     | Reached skill level 5 in Ice Magic
  8692 | D:10     | Reached skill level 5 in Air Magic
  8692 | D:10     | Reached skill level 5 in Earth Magic
  8692 | D:10     | Reached skill level 5 in Poison Magic
  8880 | D:10     | Noticed a centaur warrior
  8894 | D:10     | Killed a centaur warrior
  9119 | D:10     | Noticed a cyclops
  9153 | D:10     | Killed a cyclops
  9176 | D:10     | Found a runed translucent door.
  9945 | D:11     | Noticed a centaur warrior
  9956 | D:11     | Killed a centaur warrior
  9970 | D:11     | Identified the ring "Romiygg" {rPois rN+ Will+ Int+2
                  | Slay-4}
  9970 | D:11     | Noticed a tengu warrior
 10168 | D:11     | Noticed a two-headed ogre
 10173 | D:11     | Noticed a manticore
 10182 | D:10     | Killed a two-headed ogre
 10183 | D:10     | Reached XP level 12. HP: 30/94 MP: 22/22
 10781 | D:11     | Noticed Snorg
 10792 | D:11     | Noticed Josephine
 10797 | D:11     | Noticed a centaur warrior
 10808 | D:11     | Killed Josephine
 10811 | D:11     | Gained mutation: You are partially covered in large bone
                  | plates. (SH +4) [potion of mutation]
 10811 | D:11     | Gained mutation: You are agile. (Dex +4, Str/Int -1)
                  | [potion of mutation]
 10811 | D:11     | Gained mutation: Your muscles are strong. (Str +4, Int/Dex
                  | -1) [potion of mutation]
 10841 | D:11     | Killed a centaur warrior
 10889 | D:11     | HP: 7/141 [cyclops (10)]
 10889 | D:11     | HP: 1/141 [gargoyle/stone arrow (6)]
 10890 | D:11     | Slain by a wraith

Illustrated notes

Levels and vault maps discovered:
D:1:      roderic_dead_forest, layout_basic, chequers_ecumenical_altar_simple
D:2:      layout_basic, basic_altar
D:3:      layout_loops_ring, minivault_19, minivault_4, wad_floor_pattern_2,
          uniq_sigmund
D:4:      wad_woods_settlement, layout_basic,
          mainiacjoe_overflow_surrounded_room, minmay_checkerbox, uniq_robin,
          uniq_natasha
D:5:      layout_cave_pods, mainiacjoe_overflow_alcove_4,
          nicolae_vehumet_altar_sigil, minmay_temple_entry_grid,
          ebering_ghost_sewer_d, serial_column_ruins, column_ruins_hut_pillars,
          column_ruins_hut_ruined, column_ruins_open_small,
          column_ruins_open_tiny_water, column_ruins_columns_straight,
          column_ruins_columns_corner, reono_crystal_passage, hellmonk_no_cap
D:6:      layout_loops_corners, general_overflow_altar, serial_shops, shop,
          uniq_maggie
D:7:      layout_loops_ring, serial_shops, nicolae_shop_stone, serial_demonic,
          serial_demonic_e, serial_demonic_c, serial_demonic_a,
          serial_demonic_d, minmay_shop_mayhem, uniq_menkaure
D:8:      layout_basic, solitary_fountain
D:9:      layout_gridville, lemuel_crystal_altar
D:10:     cheibrodos_histonic, layout_loops_ring
D:11:     minmay_the_grid_octo_2x2 [minmay_the_grid_octo_clover,
          minmay_the_grid_octo_checkerflower,
          minmay_the_grid_octo_tetromino_candy,
          minmay_the_grid_octo_prize_star], layout_basic, david_lair_generic,
          solitary_fountain, uniq_snorg, uniq_psyche, uniq_josephine
Temple:   sentei_temple_godly_chess

Skill      XL: |  1  2  3  4  5  6  7  8  9 10 11 12 |
---------------+-------------------------------------+-----
Invocations    | 1 2 3 4 5 6 7 8 |  8.0
Short Blades   | 1 2 3 4 5 6 7 |  7.3
Long Blades    | 1 2 3 4 5 6 7 |  7.3
Axes           | 1 2 3 4 5 6 7 |  7.3
Maces & Flails | 1 2 3 4 5 6 7 |  7.3
Staves         | 1 2 3 4 5 6 7 |  7.3
Ranged Weapons | 1 2 3 4 5 6 7 |  7.3
Armour         | 1 2 3 4 5 6 7 |  7.3
Stealth        | 1 2 3 4 5 6 7 |  7.3
Shields        | 1 2 3 4 5 6 7 |  7.3
Unarmed Combat | 1 2 3 4 5 6 7 |  7.3
Spellcasting   | 1 2 3 4 5 6 7 |  7.3
Conjurations   | 1 2 3 4 5 6 |  6.1
Hexes          | 1 2 3 4 5 6 |  6.1
Summonings     | 1 2 3 4 5 6 |  6.1
Necromancy     | 1 2 3 4 5 6 |  6.1
Translocations | 1 2 3 4 5 6 |  6.1
Transmutations | 1 2 3 4 5 6 |  6.1
Fire Magic     | 1 2 3 4 5 6 |  6.1
Ice Magic      | 1 2 3 4 5 6 |  6.1
Air Magic      | 1 2 3 4 5 6 |  6.1
Earth Magic    | 1 2 3 4 5 6 |  6.1
Poison Magic   | 1 2 3 4 5 6 |  6.1
Evocations     | 1 2 3 4 5 6 7 |  7.3
Shapeshifting  | 1 2 3 4 5 6 |  6.7
Fighting       | 5 6 7 8 |  8.7
Throwing       | 5 6 7 8 |  8.7
Polearms       | 7 8 9 |  9.9
Dodging        | 7 8 9 |  9.9

Action                     |  1- 3 |  4- 6 |  7- 9 | 10-12 || total
---------------------------+-------+-------+-------+-------++-------
  Melee: Trident           |   104 |    25 |   283 |   508 ||   920
         Bite              |     4 |     6 |    26 |    63 ||    99
         Punch             |     1 |       |     5 |       ||     6
         Halberd           |       |    56 |    16 |       ||    72
  Throw: Throwing net      |     2 |     1 |     1 |       ||     4
         Javelin           |     1 |       |       |       ||     1
         Dart              |       |     6 |     1 |    12 ||    19
 Invoke: Potion Petition   |       |       |       |     2 ||     2
  Evoke: Wand              |       |       |       |     5 ||     5
         Phial of floods   |       |       |       |     2 ||     2
    Use: Scroll            |     8 |     3 |    16 |     7 ||    34
         Potion            |       |       |     3 |    18 ||    21
   Stab: Sleeping          |       |     3 |     9 |       ||    12
         Distracted        |       |       |     2 |     4 ||     6
         Held in net/web   |       |       |     2 |       ||     2
         Invisible         |       |       |     1 |     3 ||     4
 Armour: Leather armour    |     7 |       |       |       ||     7
         Ring mail         |    20 |    18 |    63 |       ||   101
         Swamp dragon scal |       |       |    32 |    16 ||    48
         Chain mail        |       |       |    13 |   322 ||   335
  Dodge: Dodged            |    40 |    56 |   223 |   193 ||   512
  Block: Kite shield       |       |       |     6 |   261 ||   267

Table legend: (Time is in decaauts)
 A = Elapsed time spent in this place.
 B = Non-inter-level travel time spent in this place.
 C = Inter-level travel time spent in this place.
 D = Time resting spent in this place.
 E = Time spent auto-exploring this place.
 F = Levels seen in this place.
 G = Mean time per level.
                   A        B        C        D        E       F      G
               +--------+--------+--------+--------+--------+-----+--------+
         Total |  10818 |  10149 |    669 |    900 |   7360 |  12 |  901.5 |
       Dungeon |  10799 |  10146 |    653 |    900 |   7360 |  11 |  981.7 |
        Temple |     18 |      2 |     16 |      0 |      0 |   1 |   18.0 |
               +--------+--------+--------+--------+--------+-----+--------+

Top non-repeatable levels by time:
    D:10: 2048 daAuts
     D:9: 1122 daAuts
     D:6: 1044 daAuts
     D:5: 1033 daAuts
     D:4: 1004 daAuts
     D:7: 915 daAuts
     D:3: 820 daAuts
     D:2: 788 daAuts
     D:8: 725 daAuts
     D:1: 702 daAuts
    D:11: 595 daAuts
  Temple: 18 daAuts
